Map: Abyssal Reef LE

Players

Dayshi

  • Race: Terran Terran
  • Spawn Location: 5:00

Bly - Winner!

  • Race: Zerg Zerg
  • Spawn Location: 11:00

Event: WCS Valencia 2017

VOD

Have the link to the VOD?

Description

Time

  • Played on: July 13, 2017, 1:40 p.m.
  • Length: 7:10

All games in this series

Show
View Real Time Build Order
Export as new Build Order

Dayshi Terran 

Build Orders:  

Get SALT Encoding   

  12  0:00  SCV  
  13  0:12  SCV  
  14  0:19  Supply Depot  
  14  0:24  SCV  
  15  0:29  Refinery  
  15  0:41  SCV  
  16  0:45  Barracks  
  16  0:53  SCV  
  17  1:03  Barracks  
  17  1:06  SCV  
  18  1:18  SCV  
  19  1:31  Orbital Command  
  19  1:32  Reaper  
  20  1:41  Barracks  
  20  1:47  Supply Depot  
  20  1:50  Reaper  
  21  1:57  SCV  
  21  2:00  Refinery  
  22  2:04  Reaper  
  23  2:09  SCV  
  24  2:16  Supply Depot  
  24  2:21  SCV  
  25  2:23  Reaper  
  25  2:28  Reaper  
  27  2:33  SCV  
  27  2:36  Reaper  
  29  2:45  SCV  
  30  2:57  Reaper  
  30  3:00  Reaper  
  30  3:02  Command Center  
  30  3:03  SCV  
  31  3:13  Reaper  
  31  3:16  SCV  
  33  3:31  Reaper  
  34  3:37  Command Center  
  33  3:54  Barracks Tech Lab  
  33  3:55  Barracks Tech Lab, SCV  
  32  4:07  SCV  
  31  4:14  Stimpack, Marauder x2, Concussive Shells  
  35  4:17  Bunker  
  35  4:19  Orbital Command  
  35  4:23  SCV  
  36  4:26  Barracks Reactor  
  36  4:35  SCV  
  37  4:40  Marauder  
  37  4:41  Marauder  
  38  4:50  Orbital Command, Supply Depot  
  38  4:55  SCV  
  39  5:05  Marine x2  
  41  5:07  SCV  
  41  5:08  SCV  
  41  5:11  Marine x2  
  45  5:20  Factory  
  45  5:23  SCV  
  45  5:24  SCV  
  45  5:25  SCV  
  47  5:29  Marine x2  
  47  5:30  Marine  
  47  5:32  Marine  
  47  5:35  SCV  
  52  5:36  SCV  
  52  5:37  SCV  
  54  5:43  Engineering Bay  
  54  5:44  Engineering Bay  
  54  5:47  SCV  
  51  5:57  SCV  
  51  5:58  SCV  
  51  5:59  Marine x4  
  41  6:15  Cyclone, Supply Depot  
  41  6:17  Marine x4  
  35  6:35  Marine x2  
  36  6:42  Bunker  
  36  6:45  Starport  
  36  6:46  SCV  
  37  6:47  Starport  
Show
View Real Time Build Order
Export as new Build Order

Bly Zerg - Winner!

Build Orders: Pool First 

Get SALT Encoding   

  12  0:01  Drone  
  13  0:13  Overlord  
  13  0:17  Drone  
  14  0:32  Drone x2  
  16  0:41  Spawning Pool  
  15  0:45  Drone  
  16  0:50  Drone  
  17  1:11  Hatchery  
  16  1:15  Drone  
  16  1:16  Drone  
  18  1:20  Extractor  
  17  1:28  Zergling x2  
  17  1:29  Zergling x2  
  19  1:34  Queen  
  21  1:44  Overlord  
  21  1:50  Drone  
  22  2:04  Drone  
  23  2:10  Queen  
  23  2:13  Drone  
  26  2:30  Spore Crawler  
  26  2:31  Roach Warren  
  26  2:36  Drone x3  
  27  2:40  Queen  
  30  2:57  Overlord  
  30  3:04  Drone x3  
  33  3:15  Roach x3  
  33  3:16  Roach  
  41  3:27  Overlord  
  41  3:28  Drone  
  41  3:29  Drone x2  
  41  3:32  Overlord  
  41  3:33  Metabolic Boost  
  36  3:53  Drone x2  
  36  3:54  Drone  
  38  4:00  Drone x3  
  40  4:08  Drone  
  40  4:13  Drone x2  
  42  4:20  Roach x2  
  46  4:27  Ravager  
  47  4:31  Overlord  
  45  4:49  Roach x4  
  53  4:55  Extractor  
  51  5:03  Zergling x14  
  58  5:17  Zergling x2  
  58  5:19  Overlord  
  59  5:26  Zergling x2  
  59  5:27  Zergling x10  
  65  5:31  Ravager x2  
  67  5:40  Overlord  
  67  5:41  Zergling x4  
  69  5:45  Hatchery  
  65  6:01  Zergling x14  
  62  6:15  Zergling x8  
  62  6:16  Zergling x2  
  66  6:19  Ravager x2  
  66  6:21  Ravager  
  67  6:26  Zergling x2  
  67  6:27  Zergling x6  
  71  6:37  Zergling x2  
  71  6:38  Zergling x2  
  73  6:44  Ravager x2  
Tags
 
Add a new tag
Caveats
  • Supply blocks, unpowered buildings, or Contaminate may cause inaccurate times.
  • Supply counts are checked every 10 seconds.